 Dungeon Crawl Stone Soup version 0.26.1-11-gd32895ea62 (webtiles) character file.

Game seed: 9604277631010471396

364 Gerhazo the Conjurer (level 6, -4/45 HPs)
             Began as a Draconian Conjurer on June 7, 2021.
             Slain by an ice beast (12 damage)
             ... on level 5 of the Dungeon.
             The game lasted 00:03:17 (3143 turns).

Gerhazo the Conjurer (Draconian Conjurer)           Turns: 3143, Time: 00:03:18

Health: -4/45      AC:  7    Str: 10    XL:     6   Next: 39%
Magic:  5/11       EV: 12    Int: 20    God:
Gold:   186        SH:  0    Dex:  9    Spells: 9/12 levels left

rFire    . . .     SeeInvis .   e - +0 dagger
rCold    . . .     Faith    .   (no shield)
rNeg     . . .     Spirit   .   (armour unavailable)
rPois    .         Reflect  .   (helmet restricted)
rElec    .         Harm     .   t - +0 cloak
rCorr    .         Rampage  .   (no gloves)
Will     .....                  (no boots)
Stlth    ++........             f - amulet of regeneration
HPRegen  0.55/turn              (no ring)
MPRegen  0.12/turn              (no ring)

@: slowed, very slow
A: unfitting armour, cold-blooded, AC +6
a: no special abilities


You were on level 5 of the Dungeon.
You visited 1 branch of the dungeon, and saw 5 of its levels.

You collected 186 gold pieces.

Inventory:

Hand Weapons
 e - a +0 dagger (weapon)
Missiles
 b - a throwing net
 j - 37 poisoned darts
Armour
 t - a +0 cloak (worn)
Jewellery
 f - an amulet of regeneration (around neck)
Scrolls
 c - 2 scrolls of identify
 d - a scroll of magic mapping {unknown}
 g - 2 scrolls of remove curse
 h - a scroll of fog {unknown}
 i - 2 scrolls of enchant weapon
 p - 3 scrolls of teleportation {unknown}
 r - 2 scrolls of noise {unknown}
 s - a scroll of random uselessness {unknown}
Potions
 a - 2 potions of heal wounds {unknown}
 k - 2 potions of lignification {unknown}
 l - 2 potions of mutation {unknown}
 m - a potion of resistance {unknown}
 n - a potion of attraction {unknown}
 o - 2 potions of magic {unknown}
 q - a potion of berserk rage {unknown}


   Skills:
 - Level 1.7 Dodging
 - Level 1.7 Stealth
 + Level 3.9 Spellcasting
 * Level 6.7 Conjurations


You had 9 spell levels left.
You knew the following spells:

 Your Spells              Type           Power        Failure   Level
a - Magic Dart            Conj           100%         1%          1
b - Searing Ray           Conj           62%          1%          2

Your spell library contained the following spells:

 Spells                   Type           Power        Failure   Level
 Dazzling Flash           Conj/Hex       34%          10%         3
 Fulminant Prism          Conj/Hex       8%           32%         4
 Iskenderun's Mystic Bla  Conj/Tloc      17%          32%         4


Dungeon Overview and Level Annotations

Branches:
Dungeon (5/15)
 Temple: D:4-7

Altars:


Innate Abilities, Weirdness & Mutations

Your plain brown scales are hard. (AC +6)
You cannot fit into any form of body armour.
You are cold-blooded and may be slowed by cold attacks.


Message History

The searing ray misses the ice beast. (Press . to maintain the ray.)
The searing ray misses the ice beast.
The searing ray hits the ice beast!
The ice beast is moderately wounded.
The searing ray hits the ice beast.
The ice beast is heavily wounded.
You finish channeling your searing ray.
The ice beast hits you. The ice beast freezes you.
You feel yourself slow down.
The searing ray misses the ice beast. (Press . to maintain the ray.)
The ice beast hits you. The ice beast freezes you! The ice beast hits you.
The ice beast freezes you!
You feel as though you will be slow longer.
* * * LOW HITPOINT WARNING * * *
The ice beast hits you.
* * * LOW HITPOINT WARNING * * *
The ice beast freezes you!
You feel as though you will be slow longer.
You die...

###.# #.###...## #.# ###.##
#.####.## #.# .##..# #.##...#
#.# ..#..###.##.#######.#
..#..<..............# ### ###
..'.####..###.####..# ... ...#
..#.......#.#..###..####.###..
#.#..###...#............# ...
###..# #..###...@......###.#
#..# ###.#.####Y..###.#.# #..#
##.## ##.#####..# #.## #.#
#........# #.# #.#
#.....####.# +.# #.# #.###.#
#.# #.# #.. #.........Y... ..#
#. #.####........ ..( .. ..#
#.##.#.#.


You could see an ice beast.

Vanquished Creatures
  An ogre (D:4)
  2 scorpions (D:4)
  Jessica (D:1)
  A worker ant (D:4)
  6 adders
  An ooze (D:1)
  6 dart slugs
  4 leopard geckos
  4 orcs (D:4)
  6 bats
  3 giant cockroaches
  4 goblins
  3 hobgoblins (D:1)
  5 jackals
  6 kobolds
  4 frilled lizards
  7 rats
64 creatures vanquished.

Notes
Turn   | Place    | Note
-------+----------+-------------------------------------------
     0 | D:1      | Gerhazo the Draconian Conjurer began the quest for the Orb.
     0 | D:1      | Reached XP level 1. HP: 14/14 MP: 3/3
   273 | D:1      | Reached XP level 2. HP: 20/20 MP: 1/5
   629 | D:1      | Reached XP level 3. HP: 26/26 MP: 1/6
  1274 | D:2      | Noticed Jessica
  1287 | D:1      | Killed Jessica
  1288 | D:1      | Reached skill level 5 in Conjurations
  1288 | D:1      | Reached XP level 4. HP: 12/33 MP: 0/8
  1514 | D:1      | Learned a level 2 spell: Searing Ray
  1993 | D:4      | Noticed an ogre
  2001 | D:4      | Killed an ogre
  2002 | D:4      | Reached skill level 6 in Conjurations
  2002 | D:4      | Reached XP level 5. HP: 38/38 MP: 1/10
  2220 | D:4      | Reached XP level 6. HP: 28/45 MP: 1/11
  3016 | D:5      | Entered Level 5 of the Dungeon
  3127 | D:5      | Noticed an ice beast
  3143 | D:5      | Slain by an ice beast

Illustrated notes

Levels and vault maps discovered:
D:1:      scummos_arrival_hexagon, layout_loops_ring
D:2:      layout_loops_corners, chequers_ecumenical_altar_island, uniq_jessica,
          uniq_robin, uniq_crazy_yiuf_cottage
D:3:      layout_rooms, minmay_surrounded
D:4:      layout_rooms, serial_rivers, chequers_serial_rivers_small_3,
          chequers_serial_rivers_room_b, chequers_serial_rivers_large_a,
          chequers_serial_rivers_micro_b, chequers_serial_rivers_small_b,
          hex_medium
D:5:      layout_loops_ring, chequers_temple_overflow_minitemple, basic_altar,
          minmay_quadrilaterals, uniq_pikel, uniq_menkaure, uniq_duvessa,
          uniq_blork_the_orc

Skill      XL: |  1  2  3  4 |
---------------+-------------+-----
Conjurations   | 5 6 |  6.7
Spellcasting   | 3 |  3.9
Dodging        | |  1.7
Stealth        | |  1.7

Action                   |  1- 3 |  4- 6 || total
-------------------------+-------+-------++-------
Melee: Dagger            |    11 |    25 ||    36
       Unarmed           |     2 |       ||     2
       Tailslap          |     1 |     1 ||     2
 Cast: Magic Dart        |    65 |       ||    65
       Searing Ray       |       |    31 ||    31
  Use: Scroll            |       |     2 ||     2
Armor: Skin              |     6 |    34 ||    40
Dodge: Dodged            |    12 |    61 ||    73
